 Dungeon Crawl Stone Soup version 0.32-a0-825-g0e82a1035d (webtiles) character file.

Game seed: 13613084264221255395

487 Ijustatesigmund the Conjurer (level 7, -5/46 HPs)
             Began as an Octopode Conjurer on Mar 25, 2024.
             Killed from afar by Maggie (28 damage)
             ... with a bolt of fire
             ... on level 6 of the Dungeon.
             The game lasted 00:04:59 (2408 turns).

Ijustatesigmund the Conjurer (Octopode Conjurer)    Turns: 2408, Time: 00:05:00

Health: -5/46      AC:  1    Str:  6    XL:     7   Next: 13%
Magic:  6/13       EV: 12    Int: 22    God:
Gold:   67         SH:  0    Dex: 11    Spells: 8/15 levels left

rFire   . . .        b - +0 spear (venom)
rCold   . . .        (no shield)
rNeg    . . .        (helmet restricted)
rPois   .            (no amulet)
rElec   .            (no ring)
rCorr   .            (no ring)
SInv    .            (no ring)
Will    .....        (no ring)
Stlth   +++          (no ring)
HPRegen 0.27/turn    (no ring)
MPRegen 0.13/turn    (no ring)
                     (no ring)

%: no passive effects
@: mesmerised
A: almost no armour, amphibious, 8 rings, camouflage 1, gelatinous body 1,
(nimble swimmer 1), tentacles
a: no special abilities


You were on level 6 of the Dungeon.
You visited 1 branch of the dungeon, and saw 4 of its levels.

You collected 67 gold pieces.

Inventory:

Hand Weapons
 b - a +0 spear of venom (weapon)
Jewellery
 d - a ring of resist corrosion
Scrolls
 k - a scroll of fog
 n - a scroll of noise {unknown}
Potions
 a - a potion of magic
 e - 2 potions of brilliance {unknown}
 f - a potion of curing {unknown}
 g - a potion of lignification {unknown}
 h - a potion of enlightenment {unknown}
 j - a potion of heal wounds
 l - a potion of ambrosia {unknown}


   Skills:
 - Level 3.0 Fighting
 - Level 2.0 Dodging
 - Level 2.6 Stealth
 + Level 4.5 Spellcasting
 - Level 5.1 Conjurations
 + Level 3.0 Translocations


You had 8 spell levels left.
You knew the following spells:

 Your Spells              Type           Power      Damage    Failure   Level
a - Magic Dart            Conj           100%       1d8       1%          1
b - Searing Ray           Conj           54%        2d6       1%          2
c - Iskenderun's Mystic   Conj/Tloc      22%        2d6       21%         4

Your spell library contained the following spells:

 Spells                   Type           Power      Damage    Failure   Level
 Fulminant Prism          Conj/Alch      8%         3d6       36%         4


Dungeon Overview and Level Annotations

Branches:
Dungeon (6/15)
 Temple: D:4-7

Altars:

Annotations:
D:6 Maggie


Innate Abilities, Weirdness & Mutations

You cannot wear most types of armour.
You are amphibious.
You can wear up to eight rings at the same time.
Your skin changes colour to match your surroundings (Stealth+).
Your rubbery body absorbs attacks. (AC +1, EV +1)
((You are camouflaged when in or above water. (Stealth+)))
You have tentacles for arms and can constrict up to eight enemies at once.


Message History

Maggie attempts to bespell you!
You are mesmerised by Maggie!
You hear an angry hiss.
Casting: Magic Dart (safe; 1% risk of failure)
Confirm with . or Enter, or press ? or * to list all spells.
Aiming: Searing Ray (safe; 1% risk of failure)
Press: ? - help, Shift-Dir - straight line, f/p - white imp
Aim: a white imp (poison gas, severely wounded, 79% to hit)
The searing ray hits the white imp.
You kill the white imp! (Press . to maintain the ray.)
Your Translocations skill increases to level 3!
Casting: Searing Ray (safe; 1% risk of failure)
Confirm with . or Enter, or press ? or * to list all spells.
Aiming: Magic Dart (safe; 1% risk of failure)
Press: ? - help, Shift-Dir - straight line, f - Maggie
Aim: Maggie, wielding a +0 war axe and wearing +0 acid dragon scales (mesmerising, 100% to hit)
The magic dart hits Maggie.
Maggie is lightly wounded.
Casting: Magic Dart (safe; 1% risk of failure)
Confirm with . or Enter, or press ? or * to list all spells.
Aiming: Magic Dart (safe; 1% risk of failure)
Press: ? - help, Shift-Dir - straight line, f/p - Maggie
Aim: Maggie, wielding a +0 war axe and wearing +0 acid dragon scales (poison gas, lightly wounded, mesmerising, 100% to hit)
The magic dart hits Maggie but does no damage.
Maggie is lightly wounded.
Maggie is engulfed in poison gas.
Maggie is poisoned.
You aren't carrying any items that you can evoke.
As you read the scroll labelled SUZELI DOEHA, it crumbles to dust.
You assume a fearsome visage.
Maggie resists with some effort.
It was a scroll of fear.
Blink to where?
Press: ? - help, Dir - move target, f - you, p - Maggie
Okay, then.
As you read the scroll labelled QIRAEJEJAO, it crumbles to dust.
It was a scroll of blinking.
Maggie casts a spell at you. The bolt of fire hits you!!
Ouch! That really hurt!
You die...

#....##.#
#....##.#
####....##.#
#§☼........#
#§########.# #§#
#.# # #§#
#######.#
#§########§§§.....
#@§§§@§.§.§§§§....
##########§§§.....
#§§§§....
#........
#........
#........
####.#... #.#.##


You could see Maggie (mesmerising, poisoned).

Vanquished Creatures
  Sigmund (D:2)
  Eustachio (D:6)
  A jelly (D:6)
  An iguana (D:2)
  3 gnolls (D:2)
  4 adders (D:2)
  A white imp (D:6)
  2 ufetubi (D:6)
  A dart slug (D:2)
  A ribbon worm (D:2)
  An orc (D:3)
  A bat (D:2)
  4 endoplasms
  2 goblins (D:1)
  6 hobgoblins
  A jackal (D:2)
  11 kobolds
  7 ball pythons
  4 frilled lizards
  8 rats
61 creatures vanquished.

Notes
Turn   | Place    | Note
-------+----------+-------------------------------------------
     0 | D:1      | Ijustatesigmund the Octopode Conjurer began the quest for
                  | the Orb.
     0 | D:1      | Reached XP level 1. HP: 11/11 MP: 3/3
   240 | D:1      | Reached XP level 2. HP: 18/18 MP: 1/5
   310 | D:1      | Found a faded altar of an unknown god.
   506 | D:1      | Reached skill level 1 in Fighting
   709 | D:2      | Reached XP level 3. HP: 23/23 MP: 2/6
   712 | D:2      | Learned a level 2 spell: Searing Ray
   747 | D:2      | Noticed Sigmund
   760 | D:2      | Killed Sigmund
   761 | D:2      | Reached skill level 5 in Conjurations
   761 | D:2      | Reached XP level 4. HP: 30/30 MP: 2/9
   761 | D:2      | Reached XP level 5. HP: 36/36 MP: 2/10
   914 | D:2      | Learned a level 4 spell: Iskenderun's Mystic Blast
  1008 | D:2      | Reached XP level 6. HP: 32/42 MP: 9/11
  1119 | D:2      | Reached skill level 1 in Translocations
  2027 | D:3      | You fall into a shaft and drop 3 floors!
  2223 | D:6      | Noticed Eustachio
  2236 | D:6      | Killed Eustachio
  2237 | D:6      | Reached XP level 7. HP: 34/46 MP: 3/13
  2400 | D:6      | Noticed Maggie
  2408 | D:6      | Killed from afar by Maggie

Illustrated notes

Levels and vault maps discovered:
D:1:      amcnicky_arrival_single_pillar, layout_basic,
          shapermc_ecumenical_altar_mp_highgroup
D:2:      minmay_skewed_foursquare, layout_loops_ring, uniq_sigmund
D:3:      layout_basic, serial_bayou_lagoon_b
D:6:      lemuel_insect_pit, layout_basic, lemuel_tele_altar, uniq_maggie,
          uniq_eustachio, uniq_crazy_yiuf_cottage

Skill      XL: |  1  2  3  4  5  6  7 |
---------------+----------------------+-----
Fighting       | 1 2 3 |  3.0
Spellcasting   | 3 4 |  4.5
Conjurations   | 5 |  5.1
Translocations | 2 3 |  3.0
Dodging        | |  2.0
Stealth        | |  2.6

Action                     |  1- 3 |  4- 6 |  7- 9 || total
---------------------------+-------+-------+-------++-------
  Melee: Spear             |     6 |    49 |    10 ||    65
         Constrict         |     3 |    12 |     4 ||    19
         Tentacles         |     2 |    12 |     2 ||    16
   Cast: Magic Dart        |    26 |    38 |     6 ||    70
         Searing Ray       |     3 |     3 |     1 ||     7
    Use: Potion            |     3 |       |       ||     3
         Scroll            |       |       |     4 ||     4
   Stab: Sleeping          |     1 |     9 |       ||    10
 Armour: Skin              |     2 |    19 |    12 ||    33
  Dodge: Dodged            |     9 |     9 |    11 ||    29

Table legend: (Time is in decaauts)
 A = Elapsed time spent in this place.
 B = Non-inter-level travel time spent in this place.
 C = Inter-level travel time spent in this place.
 D = Time resting spent in this place.
 E = Time spent auto-exploring this place.
 F = Levels seen in this place.
 G = Mean time per level.
                   A        B        C        D        E       F      G
               +--------+--------+--------+--------+--------+-----+--------+
         Total |   2413 |   2390 |     23 |    338 |   1674 |   4 |  603.2 |
       Dungeon |   2413 |   2390 |     23 |    338 |   1674 |   4 |  603.2 |
               +--------+--------+--------+--------+--------+-----+--------+

Top non-repeatable levels by time:
     D:2: 1308 daAuts
     D:1: 595 daAuts
     D:6: 382 daAuts
     D:3: 127 daAuts
